[ AOE2 MATCH · #505028853 ]
UnrankedBulgarians vs Muisca
Player's team · WIN
Rival team · LOSS
[ REPLAY ANALYSIS · EXTRACTED FROM THE RECORDED GAME ]
Feudal
10:06
Castle
21:11
Imperial
44:05
| APM avg | 54.2 |
| APM peak | 99 |
| eAPM avg | 32.5 |
| Villagers / military | 240 / 490 |
Focus
⚔️ 47.0% · 🌾 53.0%
Scout Cavalry ×356 · Cavalry Archer ×74 · Unknown (2626) ×34 · Konnik ×18 · Trebuchet (Packed) ×13 · Fishing Ship ×10
Feudal
12:30
Castle
16:54
Imperial
43:27
| APM avg | 62.1 |
| APM peak | 100 |
| eAPM avg | 36.8 |
| Villagers / military | 290 / 80 |
Focus
⚔️ 46.5% · 🌾 53.5%
Unknown (2586) ×106 · Unknown (2562) ×37 · Fishing Ship ×28 · Skirmisher ×25 · Unknown (2626) ×21 · Battering Ram ×17
Match map
Initial resources + every placement click. Lines = walls · curves = elevation contours. ◆ gold · ⬟ stone · ● berries · ✦ relic · ◌ wall gap
Your base· ✓ Map-separated
Dennis哥's base· ✓ Map-separated
Smoothed initial terrain · ◌ = detected wall gap · hover for details
Inputs per minute
— Oni.DauT - - Dennis哥
Build order — Oni.DauT
First 150 of 924 actions detected
| 0:01 | Create | Villager (Male) ×4 |
| 0:02 | Build | House |
| 0:03 | Build | House |
| 1:40 | Create | Villager (Male) |
| 1:40 | Create | Villager (Male) |
| 1:40 | Create | Villager (Male) |
| 1:48 | Build | Lumber Camp |
| 1:54 | Build | Lumber Camp |
| 1:59 | Create | Villager (Male) |
| 1:59 | Create | Villager (Male) |
| 2:26 | Create | Villager (Male) |
| 2:26 | Create | Villager (Male) |
| 2:50 | Create | Villager (Male) |
| 3:26 | Build | House |
| 3:31 | Create | Villager (Male) |
| 3:32 | Create | Villager (Male) |
| 3:53 | Create | Villager (Male) |
| 3:53 | Create | Villager (Male) |
| 4:01 | Create | Villager (Male) |
| 4:01 | Create | Villager (Male) |
| 4:26 | Create | Villager (Male) |
| 4:29 | Build | Dock |
| 4:51 | Create | Villager (Male) |
| 5:09 | Create | Fishing Ship |
| 5:17 | Build | House |
| 5:19 | Create | Villager (Male) |
| 5:20 | Create | Villager (Male) |
| 5:20 | Create | Villager (Male) |
| 5:47 | Create | Villager (Male) |
| 6:00 | Create | Fishing Ship |
| 6:22 | Build | House |
| 6:28 | Create | Villager (Male) |
| 6:46 | Create | Fishing Ship |
| 7:29 | Create | Villager (Male) |
| 7:52 | Build | Barracks |
| 7:56 | Research | Feudal Age |
| 8:03 | Build | House |
| 8:16 | Create | Fishing Ship |
| 8:23 | Create | Militia |
| 8:24 | Create | Militia |
| 8:48 | Create | Transport Ship |
| 8:49 | Create | Militia |
| 9:26 | Build | House |
| 9:26 | Create | Militia |
| 9:32 | Research | Loom |
| 9:40 | Build | Mining Camp |
| 9:57 | Create | Villager (Male) |
| 10:06 | Create | Fishing Ship |
| 10:06 | Age | Feudal Age |
| 10:29 | Research | Double-Bit Axe |
| 10:29 | Research | Double-Bit Axe |
| 10:40 | Build | Mill |
| 10:55 | Build | House |
| 10:58 | Create | Fishing Ship |
| 11:06 | Create | Villager (Male) |
| 11:06 | Create | Villager (Male) |
| 11:19 | Create | Villager (Male) |
| 11:20 | Create | Villager (Male) |
| 11:32 | Create | Fishing Ship |
| 11:39 | Build | Dock |
| 11:42 | Create | Villager (Male) |
| 11:43 | Create | Villager (Male) |
| 12:10 | Create | Villager (Male) |
| 12:33 | Create | Villager (Male) |
| 12:43 | Build | Watch Tower |
| 12:47 | Create | Villager (Male) |
| 12:54 | Create | Villager (Male) |
| 13:08 | Build | Blacksmith |
| 13:16 | Create | Fishing Ship |
| 13:16 | Create | Fishing Ship |
| 13:21 | Build | Watch Tower |
| 13:43 | Build | Mining Camp |
| 13:47 | Build | House |
| 13:51 | Create | Villager (Male) |
| 14:22 | Build | House |
| 14:27 | Research | Tech 906 |
| 14:28 | Research | Tech 906 |
| 14:32 | Create | Villager (Male) |
| 14:43 | Research | Town Watch |
| 14:43 | Research | Town Watch |
| 14:44 | Create | Unit 2626 |
| 15:02 | Create | Villager (Male) |
| 15:12 | Create | Villager (Male) |
| 15:15 | Create | Unit 2626 |
| 15:16 | Create | Unit 2626 |
| 15:18 | Create | Villager (Male) |
| 15:39 | Build | Watch Tower |
| 15:43 | Research | Forging |
| 15:54 | Build | Lumber Camp |
| 15:58 | Create | Villager (Male) |
| 16:05 | Build | House |
| 16:07 | Create | Villager (Male) |
| 16:15 | Build | Palisade Wall |
| 16:17 | Build | Palisade Wall |
| 16:19 | Build | Palisade Wall |
| 16:24 | Create | Unit 2626 |
| 16:35 | Research | Scale Mail Armor |
| 16:43 | Build | Watch Tower |
| 17:21 | Build | House |
| 17:24 | Build | Palisade Wall |
| 17:33 | Create | Villager (Male) |
| 17:36 | Build | Market |
| 17:38 | Create | Villager (Male) |
| 17:48 | Create | Unit 2626 |
| 17:49 | Create | Unit 2626 |
| 18:20 | Create | Unit 2626 |
| 18:21 | Create | Villager (Male) |
| 18:31 | Research | Castle Age |
| 18:34 | Build | Watch Tower |
| 18:49 | Build | Lumber Camp |
| 18:51 | Build | House |
| 19:17 | Research | Fletching |
| 19:29 | Build | Palisade Wall |
| 19:33 | Build | Palisade Wall |
| 20:01 | Build | Watch Tower |
| 20:08 | Create | Unit 2626 |
| 20:09 | Create | Unit 2626 |
| 20:16 | Build | Dock |
| 20:29 | Build | Palisade Wall |
| 20:31 | Build | Palisade Wall |
| 20:34 | Build | Stable |
| 20:40 | Research | Scale Barding Armor |
| 20:41 | Create | Villager (Male) |
| 20:50 | Build | Dock |
| 21:11 | Age | Castle Age |
| 21:15 | Research | War Galley (upgrade) |
| 21:15 | Research | War Galley (upgrade) |
| 21:16 | Create | Knight |
| 21:17 | Create | Villager (Male) |
| 21:22 | Create | Unit 2626 |
| 21:29 | Research | Bow Saw |
| 21:30 | Research | Bow Saw |
| 21:41 | Create | Unit 2626 |
| 21:41 | Create | Unit 2626 |
| 21:48 | Research | Gold Mining |
| 21:48 | Research | Gold Mining |
| 21:50 | Create | Villager (Male) |
| 21:52 | Build | Mining Camp |
| 22:25 | Create | Knight |
| 22:44 | Create | Villager (Male) |
| 22:46 | Create | Unit 2626 |
| 22:57 | Create | Knight |
| 23:00 | Create | Villager (Male) |
| 23:10 | Research | Chain Barding Armor |
| 23:13 | Create | Unit 2626 |
| 23:15 | Create | Villager (Male) |
| 23:16 | Create | Unit 2626 |
| 23:17 | Create | Unit 2626 |
| 23:32 | Build | Dock |
| 23:35 | Create | Unit 2626 |
Build order — Dennis哥
First 150 of 712 actions detected
| 0:00 | Create | Villager (Male) ×4 |
| 0:02 | Build | House |
| 0:03 | Build | House |
| 1:12 | Create | Villager (Male) |
| 1:12 | Create | Villager (Male) |
| 1:44 | Build | Settlement |
| 1:53 | Create | Villager (Male) |
| 2:15 | Create | Villager (Male) |
| 2:34 | Create | Villager (Male) |
| 2:34 | Create | Villager (Male) |
| 3:19 | Create | Villager (Male) |
| 3:19 | Create | Villager (Male) |
| 3:28 | Build | Dock |
| 3:33 | Build | Dock |
| 3:40 | Create | Villager (Male) |
| 3:40 | Create | Villager (Male) |
| 4:12 | Create | Fishing Ship |
| 4:16 | Create | Villager (Male) |
| 4:17 | Create | Villager (Male) |
| 4:46 | Create | Villager (Male) |
| 4:46 | Create | Villager (Male) |
| 4:52 | Create | Fishing Ship |
| 4:56 | Build | House |
| 5:11 | Create | Villager (Male) |
| 5:11 | Create | Villager (Male) |
| 5:31 | Create | Fishing Ship |
| 5:33 | Create | Villager (Male) |
| 5:51 | Build | Settlement |
| 6:01 | Create | Villager (Male) |
| 6:01 | Create | Villager (Male) |
| 6:15 | Create | Fishing Ship |
| 6:16 | Create | Villager (Male) |
| 6:16 | Create | Villager (Male) |
| 6:18 | Build | House |
| 6:49 | Create | Villager (Male) |
| 6:50 | Create | Fishing Ship |
| 6:53 | Create | Villager (Male) |
| 6:53 | Create | Villager (Male) |
| 7:02 | Create | Villager (Male) |
| 7:20 | Build | Dock |
| 7:38 | Create | Fishing Ship |
| 8:01 | Create | Fishing Ship |
| 8:02 | Create | Villager (Male) |
| 8:03 | Create | Fishing Ship |
| 8:22 | Create | Villager (Male) |
| 8:26 | Build | House |
| 8:27 | Build | House |
| 8:29 | Build | House |
| 8:32 | Create | Fishing Ship |
| 8:41 | Create | Fishing Ship |
| 8:42 | Create | Villager (Male) |
| 9:16 | Build | Dock |
| 9:20 | Create | Fishing Ship |
| 9:21 | Create | Villager (Male) |
| 9:26 | Build | House |
| 9:34 | Create | Villager (Male) |
| 10:04 | Create | Villager (Male) |
| 10:11 | Create | Fishing Ship |
| 10:11 | Create | Fishing Ship |
| 10:20 | Research | Feudal Age |
| 10:20 | Research | Feudal Age |
| 10:35 | Create | Transport Ship |
| 11:08 | Create | Fishing Ship |
| 11:15 | Build | House |
| 11:15 | Build | House |
| 11:16 | Build | House |
| 11:58 | Research | Loom |
| 11:58 | Create | Villager (Male) |
| 12:30 | Age | Feudal Age |
| 12:31 | Build | Market |
| 12:33 | Build | Blacksmith |
| 12:33 | Create | Unit 2626 |
| 12:34 | Create | Unit 2626 |
| 12:45 | Build | Dock |
| 13:04 | Build | Palisade Wall |
| 13:14 | Build | House |
| 13:17 | Build | Palisade Wall |
| 13:22 | Build | Palisade Wall |
| 13:23 | Build | Palisade Wall |
| 13:25 | Build | Palisade Wall |
| 13:50 | Build | Watch Tower |
| 14:14 | Research | Castle Age |
| 14:15 | Research | Castle Age |
| 14:28 | Build | Settlement |
| 14:36 | Research | Double-Bit Axe |
| 14:36 | Research | Double-Bit Axe |
| 14:43 | Research | Gold Mining |
| 14:45 | Create | Fire Galley |
| 14:45 | Create | Fire Galley |
| 14:45 | Create | Fire Galley |
| 14:47 | Build | Palisade Wall |
| 14:54 | Build | Stone Wall |
| 15:03 | Create | Villager (Male) |
| 15:27 | Build | House |
| 15:30 | Build | Settlement |
| 15:36 | Create | Villager (Male) |
| 16:17 | Create | Fire Galley |
| 16:18 | Create | Fire Galley |
| 16:23 | Research | Tech 906 |
| 16:24 | Create | Villager (Male) |
| 16:41 | Create | Villager (Male) |
| 16:54 | Age | Castle Age |
| 17:10 | Create | Villager (Male) |
| 17:27 | Build | Town Center |
| 17:42 | Create | Villager (Male) |
| 17:58 | Research | War Galley (upgrade) |
| 17:59 | Research | War Galley (upgrade) |
| 18:01 | Research | Forging |
| 18:01 | Research | Forging |
| 18:02 | Create | Villager (Male) |
| 18:08 | Create | Villager (Male) |
| 18:26 | Create | Villager (Male) |
| 18:37 | Research | Bow Saw |
| 18:37 | Research | Bow Saw |
| 18:44 | Create | Villager (Male) |
| 18:52 | Build | Watch Tower |
| 18:53 | Create | Villager (Male) |
| 19:04 | Create | Villager (Male) |
| 19:13 | Create | Villager (Male) |
| 19:20 | Create | Villager (Male) |
| 19:25 | Create | Villager (Male) |
| 19:26 | Build | Palisade Wall |
| 19:27 | Build | Palisade Wall |
| 19:46 | Build | Dock |
| 19:52 | Create | Villager (Male) |
| 20:04 | Create | Villager (Male) |
| 20:12 | Create | Villager (Male) |
| 20:20 | Create | Villager (Male) |
| 20:29 | Create | Unit 2626 |
| 20:29 | Create | Unit 2626 |
| 20:29 | Create | Unit 2626 |
| 20:31 | Create | Villager (Male) |
| 20:36 | Build | Watch Tower |
| 20:41 | Create | Villager (Male) |
| 20:56 | Create | Villager (Male) |
| 21:01 | Create | Unit 2626 |
| 21:01 | Create | Unit 2626 |
| 21:08 | Create | Villager (Male) |
| 21:15 | Create | Villager (Male) |
| 21:20 | Build | Settlement |
| 21:20 | Create | Villager (Male) |
| 21:23 | Research | Fletching |
| 21:24 | Research | Fletching |
| 21:28 | Create | Villager (Male) |
| 21:31 | Build | House |
| 21:38 | Research | Town Watch |
| 21:47 | Create | Unit 2626 |
| 21:54 | Create | Villager (Male) |
| 22:04 | Create | Villager (Male) |
| 22:21 | Build | Monastery |
Match timeline
| 3:28 | Dennis哥 · first_building Dock |
| 4:29 | Oni.DauT · first_building Dock |
| 7:52 | Oni.DauT · first_building Barracks |
| 10:06 | Oni.DauT · age_up feudal |
| 12:30 | Dennis哥 · age_up feudal |
| 13:04 | Dennis哥 · wall_segment Palisade Wall x1 |
| 13:17 | Dennis哥 · wall_segment Palisade Wall x1 |
| 13:22 | Dennis哥 · wall_segment Palisade Wall x1 |
| 13:23 | Dennis哥 · wall_segment Palisade Wall x1 |
| 13:25 | Dennis哥 · wall_segment Palisade Wall x1 |
| 14:47 | Dennis哥 · wall_segment Palisade Wall x1 |
| 14:54 | Dennis哥 · wall_segment Stone Wall x1 |
| 16:15 | Oni.DauT · wall_segment Palisade Wall x1 |
| 16:17 | Oni.DauT · wall_segment Palisade Wall x1 |
| 16:19 | Oni.DauT · wall_segment Palisade Wall x2 |
| 16:46 | Dennis哥 · first_market_buy 100 wood |
| 16:54 | Dennis哥 · age_up castle |
| 17:24 | Oni.DauT · wall_segment Palisade Wall x1 |
| 17:55 | Dennis哥 · first_market_sell 100 food |
| 18:31 | Oni.DauT · first_market_buy 100 food |
| 18:31 | Oni.DauT · first_market_sell 100 wood |
| 19:26 | Dennis哥 · wall_segment Palisade Wall x1 |
| 19:27 | Dennis哥 · wall_segment Palisade Wall x1 |
| 19:29 | Oni.DauT · wall_segment Palisade Wall x2 |
| 19:33 | Oni.DauT · wall_segment Palisade Wall x2 |
| 20:29 | Oni.DauT · wall_segment Palisade Wall x1 |
| 20:31 | Oni.DauT · wall_segment Palisade Wall x1 |
| 20:34 | Oni.DauT · first_building Stable |
| 21:11 | Oni.DauT · age_up castle |
| 22:21 | Dennis哥 · first_building Monastery |
| 24:14 | Dennis哥 · wall_segment Palisade Wall x1 |
| 24:15 | Oni.DauT · first_building Krepost |
| 24:15 | Dennis哥 · wall_segment Palisade Wall x1 |
| 24:47 | Oni.DauT · wall_segment Palisade Wall x1 |
| 24:50 | Oni.DauT · wall_segment Palisade Wall x1 |
| 25:18 | Oni.DauT · wall_segment Palisade Wall x1 |
| 25:25 | Oni.DauT · wall_segment Palisade Wall x1 |
| 25:26 | Oni.DauT · wall_segment Palisade Wall x1 |
| 25:31 | Oni.DauT · first_building Monastery |
| 26:53 | Oni.DauT · wall_segment Palisade Wall x1 |
| 27:37 | Dennis哥 · first_building Siege Workshop |
| 31:04 | Dennis哥 · first_building Castle |
| 32:54 | Oni.DauT · first_building Siege Workshop |
| 43:26 | Oni.DauT · first_building Castle |
| 43:27 | Dennis哥 · age_up imperial |
| 44:05 | Oni.DauT · age_up imperial |
| 48:28 | Dennis哥 · first_building Barracks |
| 50:27 | Oni.DauT · first_building Archery Range |
| 61:38 | Dennis哥 · first_building Archery Range |
| 63:42 | Oni.DauT · wall_segment Stone Wall x5 |
| 68:52 | Dennis哥 · resign |
[ AI ANALYSIS · 1 CREDIT ]
What really happened in this match?
Wolo.gg analyzes every decision: build order, eco, micro, common mistakes by bracket. Personalized analysis on WhatsApp or Discord in 30 seconds.
Civ guide
Bulgarians
Perfil
Jugador #198035